 Dungeon Crawl Stone Soup version 0.23-a0-550-g7de1f8e (webtiles) character file.

14292 zishaf the Covert (level 11, -1/53 HPs)
             Began as a Spriggan Enchanter on Dec 10, 2018.
             Was an Elder of Nemelex Xobeh.
             Slain by a manticore (5 damage)
             ... on level 11 of the Dungeon.
             The game lasted 00:55:25 (13598 turns).

zishaf the Covert (Spriggan Enchanter)             Turns: 13598, Time: 00:55:27

Health: -1/53      AC:  7    Str:  4    XL:     11   Next: 86%
Magic:  11/24      EV: 28    Int: 26    God:    Nemelex Xobeh [****..]
Gold:   827        SH:  0    Dex: 16    Spells: 20/26 levels left

rFire    . . .     SeeInvis +   f - +3 dagger (drain)
rCold    + . .     Gourm    .   (shield restricted)
rNeg     . . .     Faith    +   z - +2 robe {rC+}
rPois    .         Spirit   .   (helmet restricted)
rElec    .         Reflect  .   H - +2 cloak
rCorr    .         Harm     .   (gloves unavailable)
MR       +....                  (boots unavailable)
Stlth    +++++++...             G - amulet of faith
HPRegen  0.17/turn              m - ring of stealth
MPRegen  0.19/turn              v - +5 ring of intelligence

@: very quick
A: very small, unfitting armour, see invisible, herbivore, speed 3, slow
metabolism 2
a: Triple Draw, Deal Four, Renounce Religion


You were on level 11 of the Dungeon.
You worshipped Nemelex Xobeh.
Nemelex Xobeh was greatly pleased with you.
You were not hungry.

You visited 1 branch of the dungeon, and saw 11 of its levels.
You also visited: Bailey.

You collected 827 gold pieces.

Inventory:

Hand Weapons
 f - a +3 dagger of draining (weapon)
Missiles
 y - 169 stones (quivered)
Armour
 a - a +0 troll leather armour
 z - a +2 robe of cold resistance (worn)
 H - a +2 cloak (worn)
Jewellery
 m - a ring of stealth (left hand)
 t - an uncursed ring of resist corrosion
 v - a +5 ring of intelligence (right hand)
 G - an amulet of faith (around neck)
Wands
 r - a wand of acid (9)
 B - a wand of flame (34)
Scrolls
 b - 4 scrolls of teleportation
 g - a scroll of immolation
 h - 3 scrolls of remove curse
 k - 2 scrolls of enchant armour
 o - 4 scrolls of fear
 s - 3 scrolls of enchant weapon
 w - a scroll of acquirement {unknown}
 J - a scroll of holy word
Potions
 e - 2 potions of might
 i - 5 potions of curing
 j - a potion of agility
 l - 3 potions of flight
 n - 3 potions of invisibility
 p - 3 potions of magic {unknown}
 q - 3 potions of mutation
 u - 4 potions of heal wounds
 x - 2 potions of haste {unknown}
 I - a potion of lignification
 K - a potion of cancellation {unknown}
Miscellaneous
 c - a plain deck of escape {drawn: 1}
 A - a plain deck of escape
 C - a plain deck of summoning {drawn: 2}
 F - a plain deck of destruction {drawn: 4}
Comestibles
 d - 12 rations


   Skills:
 - Level 4.0 Fighting
 - Level 10.0 Short Blades
 + Level 12.1 Dodging
 + Level 14.2 Stealth
 + Level 8.2 Spellcasting
 - Level 7.0 Hexes
 - Level 2.3 Ice Magic
 + Level 6.1 Invocations


You had 20 spell levels left.
You knew the following spells:

 Your Spells              Type           Power        Failure   Level  Hunger
a - Ensorcelled Hibernat  Hex/Ice        ####..       1%          2    None
b - Corona                Hex            #####..      1%          1    None
c - Confuse               Hex            #####...     1%          3    None

Your spell library contained the following spells:

 Spells                   Type           Power        Failure   Level  Hunger
 Slow                     Hex            #####...     1%          2    None
 Tukima's Dance           Hex            #####...     1%          3    None
 Cause Fear               Hex            #####.....   3%          4    ##.....
 Dazzling Spray           Conj/Hex       ####..       4%          3    None
 Inner Flame              Hex/Fire       ####....     4%          3    None
 Portal Projectile        Hex/Tloc       ####..       4%          3    None
 Shock                    Conj/Air       ##..         5%          1    None
 Swiftness                Chrm/Air       ##......     9%          2    None
 Leda's Liquefaction      Hex/Erth       ####......   13%         4    ##.....
 Static Discharge         Conj/Air       ##......     17%         3    None
 Airstrike                Air            ##........   50%         4    ##.....
 Irradiate                Conj/Tmut      ##........   83%         5    ####...
 Lightning Bolt           Conj/Air       ##........   83%         5    ####...
 Hydra Form               Tmut           ##........   100%        6    ######.
 Statue Form              Tmut/Erth      ##.......    100%        6    ######.
 Dragon Form              Tmut           ##........   100%        7    #######


Dungeon Overview and Level Annotations

Branches:
Dungeon (11/15)            Temple (0/1) D:7             Orc (0/2) D:11
   Lair: D:8-11

Altars:
Ashenzari
Cheibriados
Hepliaklqana
Kikubaaqudgha
Makhleb
Nemelex Xobeh
Qazlal
Sif Muna
Vehumet
Xom

Shops:
D:8 %   D:11 (

Annotations:
D:5 exclusion: downstairs
D:11 1 transporter, meatyocre's ghost, journeyman HuBe


Innate Abilities, Weirdness & Mutations

You are very small and have problems with some larger weapons.
You are too small for most types of armour.
You have supernaturally acute eyesight. (SInv)
You are a herbivore.
You cover ground extremely quickly.
You need to consume almost no food.


Message History

Aim: a manticore (chance to defeat MR: 45%)
The manticore resists with some effort.
The manticore misses you. The manticore completely misses you. x2
Casting: Ensorcelled Hibernation (safe; 1% risk of failure)
Confirm with . or Enter, or press ? or * to list all spells.
Aiming: Ensorcelled Hibernation (safe; 1% risk of failure)
Press: ? - help, Shift-Dir - straight line, f/p - manticore
Aim: a manticore (chance to defeat MR: 45%)
The manticore resists with some effort.
The manticore bites you!!
* * * LOW HITPOINT WARNING * * *
The manticore completely misses you. The manticore closely misses you.
Casting: Ensorcelled Hibernation (safe; 1% risk of failure)
Confirm with . or Enter, or press ? or * to list all spells.
Aiming: Ensorcelled Hibernation (safe; 1% risk of failure)
Press: ? - help, Shift-Dir - straight line, f/p - manticore
Aim: a manticore (chance to defeat MR: 45%)
The manticore resists with some effort.
The manticore misses you. The manticore claws you.
You die...
Your body glows slightly and disappears.

..... ... #.# #.#
#####.###### #####
#...#.##.>.# #...#
#^....##...# #...#
...........###...####...
................@H......
########################


You could see a manticore.

Vanquished Creatures
  Fannar (D:10)
  4 two-headed ogres
  A centaur warrior (D:9)
  A tengu warrior (D:9)
  A fire crab (D:10)
  A deep troll (shapeshifter) (D:10)
  An orc knight (Bailey)
  Psyche (D:10)
  2 gargoyles
  A komodo dragon (D:11)
  A troll (D:11)
  A hippogriff (D:10)
  A hippogriff (shapeshifter) (D:9)
  A spriggan (D:7)
  Sigmund (D:2)
  2 wyverns
  A yak (D:11)
  A hungry ghost (D:8)
  An acid dragon (D:11)
  A water moccasin (D:5)
  3 orc warriors
  A porcupine (D:11)
  3 sky beasts
  3 black bears
  2 necrophages
  8 ogres
  An eye of draining (D:10)
  5 phantoms
  3 centaurs
  5 bullfrogs
  A wyvern skeleton (D:6)
  A water moccasin skeleton (D:7)
  3 scorpions
  A killer bee (D:11)
  2 wights
  2 jellies
  11 howler monkeys
  5 crimson imps
  3 bullfrog zombies
  A centaur zombie (D:7)
  4 orc priests
  Crazy Yiuf (D:7)
  A bullfrog skeleton (D:11)
  A centaur skeleton (D:6)
  3 hounds
  An iron imp (D:8)
  8 orc wizards
  6 iguanas
  6 worker ants
  A hound skeleton (D:4)
  2 worker ant zombies
  14 gnolls
  A howler monkey skeleton (D:11)
  12 adders
  3 shadow imps
  An ooze (D:4)
  3 adder skeletons
  4 worms
  5 leopard geckos
  41 orcs
  2 ball pythons
  4 bats
  5 giant cockroaches
  18 goblins
  16 hobgoblins
  7 jackals
  23 kobolds
  A quokka (D:11)
  6 frilled lizards
  13 rats
302 creatures vanquished.

Vanquished Creatures (collateral kills)
  A hippogriff (D:8)
  An ice beast (D:7)
  A phantom (D:7)
  A hound (D:7)
  2 orcs (D:8)
6 creatures vanquished.

Vanquished Creatures (others)
  2 orcs (D:11)
  3 fungi (D:11)
5 creatures vanquished.

Grand Total: 313 creatures vanquished

Notes
Turn   | Place    | Note
-------+----------+-------------------------------------------
     0 | D:1      | zishaf the Spriggan Enchanter began the quest for the Orb.
     0 | D:1      | Reached XP level 1. HP: 9/9 MP: 5/5
   567 | D:1      | Reached XP level 2. HP: 13/13 MP: 6/6
   742 | D:1      | Learned a level 2 spell: Ensorcelled Hibernation
   891 | D:1      | Reached skill level 5 in Stealth
  1454 | D:1      | Reached XP level 3. HP: 16/16 MP: 3/8
  1582 | D:2      | Noticed Sigmund
  1594 | D:2      | Killed Sigmund
  1594 | D:2      | Reached skill level 6 in Stealth
  1594 | D:2      | Reached XP level 4. HP: 5/21 MP: 4/9
  1594 | D:2      | Reached XP level 5. HP: 6/24 MP: 4/10
  2099 | D:2      | Learned a level 3 spell: Confuse
  2686 | D:3      | Found a sparkling altar of Nemelex Xobeh.
  2691 | D:3      | Reached skill level 7 in Stealth
  2691 | D:3      | Reached XP level 6. HP: 28/28 MP: 11/11
  2769 | D:3      | Found an ancient bone altar of Kikubaaqudgha.
  2826 | D:3      | Became a worshipper of Nemelex Xobeh the Trickster
  2952 | D:3      | Received a gift from Nemelex Xobeh
  3065 | D:3      | Found a deep blue altar of Sif Muna.
  3253 | D:3      | Found a burning altar of Makhleb.
  3507 | D:4      | Reached skill level 5 in Dodging
  3677 | D:4      | Reached skill level 5 in Hexes
  3714 | D:4      | Reached skill level 8 in Stealth
  3714 | D:4      | Reached XP level 7. HP: 32/32 MP: 7/12
  4108 | D:4      | Found a snail-covered altar of Cheibriados.
  4141 | D:4      | Found a burning altar of Makhleb.
  4215 | D:5      | Entered Level 5 of the Dungeon
  4388 | D:5      | Reached * piety under Nemelex Xobeh
  4438 | D:5      | Reached skill level 5 in Short Blades
  4994 | D:5      | Reached skill level 1 in Ice Magic
  5322 | D:5      | Reached skill level 9 in Stealth
  5345 | D:5      | Received a gift from Nemelex Xobeh
  5426 | D:5      | Reached XP level 8. HP: 36/36 MP: 10/13
  5703 | D:5      | Noticed a gargoyle
  6099 | D:5      | Killed a gargoyle
  6099 | D:5      | Reached skill level 10 in Stealth
  6643 | D:6      | Reached XP level 9. HP: 38/39 MP: 13/17
  6952 | D:6      | Found a shimmering altar of Xom.
  6961 | D:6      | Reached skill level 5 in Spellcasting
  7070 | D:6      | Reached ** piety under Nemelex Xobeh
  7107 | D:6      | Received a gift from Nemelex Xobeh
  7193 | D:6      | Found a shimmering altar of Xom.
  7279 | D:6      | Received a gift from Nemelex Xobeh
  7329 | D:6      | Reached skill level 11 in Stealth
  7953 | D:7      | Found a staircase to the Ecumenical Temple.
  8302 | D:7      | Found a stormy altar of Qazlal.
  8533 | D:7      | Found a runed door.
  8695 | D:7      | Found a hazy altar of Hepliaklqana.
  8721 | D:7      | Reached *** piety under Nemelex Xobeh
  8897 | D:7      | Noticed Crazy Yiuf
  8899 | D:7      | Killed Crazy Yiuf
  9061 | D:8      | Found Setz's Food Shoppe.
  9072 | D:8      | Reached skill level 12 in Stealth
  9244 | D:8      | Reached XP level 10. HP: 44/44 MP: 21/21
  9314 | D:8      | Received a gift from Nemelex Xobeh
  9572 | D:8      | Reached skill level 10 in Dodging
  9892 | D:9      | Noticed a centaur warrior
  9977 | D:9      | Reached skill level 1 in Fighting
 10014 | D:8      | Reached skill level 1 in Invocations
 10102 | D:9      | Noticed a tengu warrior
 10102 | D:9      | Noticed a two-headed ogre
 10122 | D:9      | Killed a centaur warrior
 10325 | D:9      | Killed a two-headed ogre
 10532 | D:9      | Noticed a two-headed ogre
 10571 | D:9      | Killed a tengu warrior
 10571 | D:9      | Reached skill level 13 in Stealth
 10628 | D:9      | Killed a two-headed ogre
 10768 | D:9      | Noticed a two-headed ogre
 10795 | D:9      | Killed a two-headed ogre
 10795 | D:9      | Reached skill level 5 in Invocations
 10795 | D:9      | Reached XP level 11. HP: 51/51 MP: 12/22
 10841 | D:9      | Found a radiant altar of Vehumet.
 10847 | D:9      | Found a stormy altar of Qazlal.
 10923 | D:9      | Reached **** piety under Nemelex Xobeh
 11135 | D:9      | Found a shattered altar of Ashenzari.
 11319 | D:10     | Entered Level 10 of the Dungeon
 11324 | D:10     | Noticed Snorg
 11358 | D:10     | Noticed Fannar
 11437 | D:10     | Noticed Psyche
 11452 | D:10     | Killed Psyche
 11492 | D:10     | Noticed Snorg
 11492 | D:10     | Snorg changed into Snorg the fire crab
 11539 | D:10     | Noticed a two-headed ogre
 11633 | D:10     | Found a flagged portal.
 11723 | Bailey   | Entered a bailey
 11998 | Bailey   | Noticed an orc knight
 12060 | Bailey   | Killed an orc knight
 12178 | D:10     | Killed Snorg the fire crab
 12282 | D:10     | Received a gift from Nemelex Xobeh
 12657 | D:10     | Noticed a mana viper
 12660 | D:10     | Noticed a deep troll
 12660 | D:10     | a mana viper changed into a deep troll
 12670 | D:10     | Killed a deep troll
 12721 | D:10     | Killed Fannar
 12776 | D:10     | Killed a two-headed ogre
 12956 | D:11     | Found a transporter.
 12958 | D:11     | Noticed meatyocre's ghost (journeyman HuBe)
 12982 | D:11     | Reached skill level 10 in Short Blades
 12986 | D:11     | Reached skill level 14 in Stealth
 13217 | D:11     | Found a staircase to the Orcish Mines.
 13227 | D:11     | Noticed a catoblepas
 13295 | D:11     | Found Obisamax's Weapon Emporium.
 13566 | D:11     | Noticed an ogre mage
 13569 | D:11     | Noticed a centaur warrior
 13592 | D:11     | Noticed an unseen horror
 13598 | D:11     | Slain by a manticore

Vault maps used:
D:1:      mrwooster_arrival_statue, chequers_serial_rivers_large_a
D:2:      minmay_misc_feat_more_columns, uniq_sigmund
D:3:      minmay_diamond_boxcup, marbit_many_paths, lemuel_round_altar,
          overflow_temple_1_default, nemelex_xobeh_ov_fountains_minmay
D:4:      nicolae_overflow_crystal_walls, first_ration, minmay_misc_feat_alley,
          grunt_ministairs_4, kennysheep_small_circle
D:5:      minmay_clustersquares
D:6:      basic_altar, serial_glass, glass_columns_b, glass_columns_c,
          lemuel_tele_altar
D:7:      kennysheep_little_box, minmay_temple_entry_wispy, basic_altar,
          the_bakery, uniq_crazy_yiuf_cottage
D:8:      serial_shops, nicolae_shop_waterfront, minmay_door_square
D:9:      vehumet_crystals, kennysheep_mini_moat, grunt_qazlal_sundering,
          minivault_28
D:10:     enter_bailey_3, uniq_snorg, uniq_fannar, uniq_psyche
D:11:     wad_arrow_thing, grunt_lair_entry_orc_guard_hut, orc_david_3,
          gammafunk_ghost_stat_death
Bailey:   bailey_axe_2, bailey

Skill      XL: |  1  2  3  4  5  6  7  8  9 10 11 |
---------------+----------------------------------+-----
Stealth        | 5 6 7 8 9 10 12 13 14 | 14.2
Short Blades   | 2 3 4 5 6 7 8 10 | 10.0
Spellcasting   | 3 4 6 7 8 |  8.2
Dodging        | 4 5 6 7 9 11 12 | 12.1
Hexes          | 4 5 6 7 |  7.0
Ice Magic      | 1 2 |  2.3
Fighting       | 2 4 |  4.0
Invocations    | 5 6 |  6.1

Action                   |  1- 3 |  4- 6 |  7- 9 | 10-12 || total
-------------------------+-------+-------+-------+-------++-------
Melee: Dagger            |    60 |    91 |   339 |   293 ||   783
Throw: Stone             |       |       |     4 |     4 ||     8
 Cast: Corona            |     3 |       |       |       ||     3
       Ensorcelled Hiber |    12 |    43 |    77 |    98 ||   230
       Confuse           |       |       |    27 |    24 ||    51
Invok: Triple Draw       |       |       |       |     2 ||     2
       Deal Four         |       |       |       |     1 ||     1
Evoke: Deck              |       |       |     2 |     7 ||     9
  Use: Scroll            |       |       |    12 |     7 ||    19
       Potion            |       |       |     1 |       ||     1
 Stab: Sleeping          |    13 |    46 |    56 |    66 ||   181
       Confused          |       |       |    12 |    13 ||    25
       Distracted        |       |       |     2 |       ||     2
  Eat: Ration            |       |     1 |     4 |     2 ||     7
Armor: Robe              |     3 |     1 |    20 |    20 ||    44
Dodge: Dodged            |    45 |    40 |   194 |   181 ||   460

Table legend:
 A = Non-vault XP
 B = Vault XP
 C = Vault XP percentage of total XP
 D = Non-vault monster count
 E = Vault monster count
 F = Vault count percentage of total count
                 A         B        C        D         E       F
            +---------+---------+-------+---------+---------+-------
      Total |   11829 |    8589 |  42.1 |     222 |      86 |  27.9
            +---------+---------+-------+---------+---------+-------
        D:1 |      42 |       0 |   0.0 |      23 |       0 |   0.0
        D:2 |     100 |     223 |  69.0 |      23 |       1 |   4.2
        D:3 |     107 |      40 |  27.2 |      28 |      10 |  26.3
        D:4 |     323 |      50 |  13.4 |      14 |       3 |  17.6
        D:5 |    1008 |     880 |  46.6 |      13 |       8 |  38.1
        D:6 |    1152 |       0 |   0.0 |      28 |       0 |   0.0
        D:7 |    1103 |     264 |  19.3 |      24 |       2 |   7.7
        D:8 |     859 |     388 |  31.1 |      17 |       3 |  15.0
        D:9 |    2680 |    3108 |  53.7 |      15 |       8 |  34.8
       D:10 |    3042 |    2243 |  42.4 |      22 |       7 |  24.1
       D:11 |    1413 |     519 |  26.9 |      15 |      10 |  40.0
     Bailey |       0 |     874 | 100.0 |       0 |      34 | 100.0
            +---------+---------+-------+---------+---------+-------
